Map: Abyssal Reef LE

Players

SortOf - Winner!

  • Race: Zerg Zerg
  • Spawn Location: 11:00

Dolan

  • Race: Terran Terran
  • Spawn Location: 5:00

Event: WCS Austin 2017

VOD

Have the link to the VOD?

Description

Time

  • Played on: April 28, 2017, 6:12 p.m.
  • Length: 11:08

All games in this series

Show
View Real Time Build Order
Export as new Build Order

SortOf Zerg - Winner!

Build Orders: Pool First 

Get SALT Encoding   

  12  0:01  Drone  
  13  0:12  Overlord  
  13  0:17  Drone  
  14  0:31  Drone x2  
  16  0:38  Drone  
  17  0:46  Drone  
  17  0:47  Extractor  
  17  0:52  Spawning Pool  
  17  0:56  Drone  
  17  1:07  Drone  
  18  1:17  Drone  
  19  1:23  Hatchery  
  18  1:34  Drone  
  18  1:39  Zergling x2  
  20  1:41  Queen  
  22  1:55  Overlord  
  22  2:00  Roach Warren  
  21  2:02  Drone  
  22  2:16  Drone  
  22  2:17  Queen  
  24  2:39  Roach x3  
  24  2:43  Overlord  
  30  2:49  Roach  
  32  2:57  Spore Crawler  
  32  2:58  Roach x2  
  36  3:05  Overlord  
  36  3:07  Drone  
  36  3:12  Overlord  
  37  3:13  Drone  
  37  3:18  Ravager  
  40  3:20  Drone x2  
  40  3:25  Drone  
  42  3:28  Drone  
  42  3:31  Ravager x2  
  46  3:34  Drone  
  46  3:39  Drone x2  
  48  3:43  Drone  
  48  3:44  Drone  
  48  3:48  Overlord  
  50  3:53  Drone  
  51  3:57  Overlord  
  51  3:59  Drone  
  51  4:00  Drone  
  53  4:08  Overlord  
  53  4:16  Drone x3  
  56  4:22  Drone x2  
  58  4:26  Overlord  
  58  4:29  Overlord  
  58  4:32  Drone x3  
  58  4:34  Roach x2  
  65  4:42  Roach x2  
  65  4:45  Overlord  
  63  4:50  Drone  
  63  4:52  Hatchery  
  63  4:57  Queen  
  65  5:05  Overlord  
  65  5:11  Evolution Chamber  
  65  5:12  Evolution Chamber, Extractor  
  65  5:13  Lair, Drone x2, Extractor  
  65  5:14  Drone  
  64  5:20  Roach x3  
  70  5:23  Overlord  
  70  5:29  Roach x2  
  74  5:37  Extractor  
  73  5:45  Drone x3  
  73  5:46  Drone  
  73  5:47  Roach x3  
  83  5:56  Drone  
  84  5:59  Drone  
  84  6:03  Zerg Ground Armor Level 1  
  85  6:04  Drone x2  
  85  6:05  Drone  
  85  6:07  Roach  
  85  6:08  Roach  
  85  6:10  Drone  
  85  6:11  Drone x2  
  95  6:16  Overlord, Zerg Missile Weapons Level 1  
  95  6:19  Roach  
  95  6:21  Roach  
  95  6:22  Overlord  
  99  6:28  Overlord  
  99  6:38  Roach x3  
  94  6:40  Roach x3  
  94  6:42  Roach x2  
  94  6:46  Roach  
  94  6:47  Roach  
  98  6:49  Roach x2  
  100  6:54  Drone x2  
  100  6:56  Extractor  
  100  6:57  Extractor  
  100  6:58  Glial Reconstitution  
  100  7:02  Drone x3  
  100  7:05  Overseer  
  103  7:09  Drone  
  103  7:13  Drone x2  
  106  7:16  Drone  
  106  7:21  Overlord  
  108  7:22  Drone  
  108  7:23  Drone x4  
  108  7:25  Ravager x2  
  108  7:29  Roach x3  
  120  7:36  Roach x2  
  124  7:41  Drone x2, Baneling Nest  
  125  7:46  Roach x2  
  125  7:48  Roach  
  125  7:51  Ravager x3  
  134  7:52  Hatchery  
  134  7:56  Roach x3  
  139  8:01  Overlord  
  139  8:03  Overlord  
  139  8:07  Zerg Ground Armor Level 2  
  139  8:10  Overlord  
  139  8:14  Overlord x2  
  139  8:17  Overlord  
  139  8:24  Centrifical Hooks  
  139  8:28  Drone x4  
  139  8:30  Roach x4  
  151  8:38  Roach x4  
  157  8:49  Drone  
  157  8:50  Overlord  
  157  8:52  Zergling x14  
  165  8:57  Zergling x10  
  170  9:07  Zergling x8  
  174  9:17  Extractor  
  174  9:19  Extractor  
  170  9:26  Roach  
  170  9:27  Roach x11  
  184  9:35  Ravager x2  
  184  9:36  Baneling x15  
  184  9:37  Baneling x2  
  186  9:40  Baneling x3  
  186  9:41  Baneling x4  
  186  9:48  Baneling x5  
  186  9:49  Baneling  
  186  9:50  Drone x2  
  186  9:51  Drone  
  189  9:54  Baneling x2  
  189  10:02  Roach x5  
  172  10:22  Roach x14  
  178  10:29  Roach x3  
  174  10:37  Roach  
  174  10:41  Roach  
  174  10:42  Roach x6  
Show
View Real Time Build Order
Export as new Build Order

Dolan Terran 

Build Orders: Reaper Expand 

Get SALT Encoding   

  12  0:00  SCV  
  13  0:12  SCV  
  14  0:17  Supply Depot  
  14  0:24  SCV  
  14  0:28  Refinery  
  15  0:38  SCV  
  16  0:44  Barracks  
  16  0:50  SCV  
  17  1:03  SCV  
  18  1:17  SCV  
  19  1:32  Reaper, Orbital Command  
  20  1:45  Command Center  
  20  1:58  SCV  
  21  2:04  Factory  
  21  2:05  Barracks Reactor  
  21  2:12  SCV  
  21  2:13  Supply Depot  
  22  2:25  Refinery, SCV  
  24  2:37  SCV  
  24  2:49  SCV  
  24  2:50  Starport  
  25  2:56  Factory  
  25  2:58  Hellion x2  
  29  3:00  Marine  
  29  3:01  SCV  
  30  3:09  Armory  
  30  3:15  Orbital Command  
  30  3:22  Hellion  
  32  3:28  Cyclone  
  32  3:32  Marine  
  36  3:36  SCV  
  36  3:40  Hellion  
  39  3:45  SCV  
  40  3:51  Barracks Reactor  
  40  3:55  Cyclone  
  43  4:04  Factory Reactor  
  39  4:35  Supply Depot  
  39  4:36  Supply Depot x2  
  35  4:57  Cyclone x2, SCV x2  
  43  5:02  Hellion  
  43  5:04  Cyclone  
  48  5:09  SCV  
  48  5:11  SCV  
  50  5:21  SCV  
  51  5:22  Terran Vehicle Weapons Level 1  
  51  5:23  Hellion  
  51  5:24  Hellion  
  51  5:25  SCV  
  54  5:43  Supply Depot  
  54  5:44  Supply Depot  
  54  5:51  Command Center  
  54  5:52  SCV x2  
  54  5:53  Hellion x3  
  62  6:04  Cyclone, SCV  
  62  6:06  SCV  
  62  6:07  Supply Depot, Refinery  
  62  6:09  Refinery  
  67  6:14  Hellion  
  67  6:17  SCV  
  67  6:18  SCV  
  71  6:28  Cyclone  
  71  6:29  Cyclone, SCV  
  71  6:30  SCV  
  72  6:41  SCV  
  72  6:43  Cyclone  
  72  6:44  Hellion  
  63  6:54  SCV x2  
  64  7:05  Factory  
  64  7:06  SCV x2  
  64  7:07  Factory  
  66  7:09  Factory, Orbital Command  
  66  7:18  SCV x2  
  66  7:22  Cyclone  
  71  7:26  Cyclone  
  74  7:30  SCV x2  
  74  7:34  Refinery  
  74  7:36  Refinery  
  76  7:38  SCV  
  76  7:42  SCV x2  
  79  7:44  Terran Vehicle Weapons Level 2  
  79  7:50  Engineering Bay  
  79  7:52  SCV  
  79  7:54  SCV  
  79  7:58  Factory Tech Lab x3  
  81  8:00  SCV  
  81  8:04  SCV  
  83  8:06  Hellion x2  
  83  8:10  SCV  
  89  8:12  SCV  
  89  8:16  SCV  
  89  8:19  Siege Tank  
  96  8:20  Siege Tank x2  
  96  8:25  SCV x2  
  101  8:35  SCV  
  101  8:37  SCV  
  103  8:45  Cyclone x2  
  103  8:47  SCV  
  108  9:07  Supply Depot  
  108  9:08  Supply Depot  
  108  9:09  Supply Depot  
  108  9:10  Supply Depot  
  107  9:25  Orbital Command  
  107  9:29  SCV  
  107  9:30  SCV  
  107  9:31  Cyclone x2, Hellion x2, Siege Tank x2  
  125  9:41  Siege Tank  
  125  9:42  Supply Depot  
  125  9:43  Supply Depot  
  125  9:45  Supply Depot  
  130  9:49  Sensor Tower  
  131  9:58  Refinery  
  128  10:01  Supply Depot  
  128  10:03  Siege Tank  
  128  10:04  Cyclone x2, Siege Tank  
  128  10:05  Hellion x2  
  144  10:13  Siege Tank  
  132  10:25  Orbital Command  
  132  10:26  Cyclone x2  
  104  10:35  Siege Tank  
  83  10:36  Hellion  
  83  10:40  SCV x2  
  71  10:45  Hellion  
Tags
 
Add a new tag
Caveats
  • Supply blocks, unpowered buildings, or Contaminate may cause inaccurate times.
  • Supply counts are checked every 10 seconds.